 Dungeon Crawl Stone Soup version 0.19.0-18-g426998a (webtiles) character file.

128 Krapule the Bolt Thrower (level 4, -1/38 HPs)
             Began as a Minotaur Hunter on Nov 11, 2016.
             Slain by a gnoll
             ... wielding a +0 spear
              (5 damage)
             ... on level 3 of the Dungeon.
             The game lasted 00:05:19 (1987 turns).

Krapule the Bolt Thrower (Minotaur Hunter)          Turns: 1987, Time: 00:05:19

Health: -1/38      AC:  6    Str: 16    XL:     4   Next: 86%
Magic:  3/3        EV: 10    Int:  9    God:
Gold:   117        SH:  0    Dex: 11    Spells: 0 memorised, 3 levels left

rFire  . . .     SeeInvis .     o - +0 mace
rCold  . . .     Gourm    .     m - +0 scale mail
rNeg   . . .     Faith    .     (no shield)
rPois  .         Spirit   .     (helmet restricted)
rElec  .         Reflect  .     (no cloak)
rCorr  .         Harm     .     (no gloves)
MR     +....                    (no boots)
Stlth  ..........               (no amulet)
                                (no ring)
                                i - ring of protection from magic

@: no status effects
A: retaliatory headbutt, horns 2
a: no special abilities


You were on level 3 of the Dungeon.
You were hungry.

You visited 1 branch of the dungeon, and saw 3 of its levels.

You collected 117 gold pieces.

Inventory:

Hand Weapons
 a - a +2 hand crossbow
 o - a +0 mace (weapon)
Missiles
 d - 41 bolts
Armour
 m - a +0 scale mail (worn)
Jewellery
 i - a ring of protection from magic (left hand)
Potions
 e - 2 potions of resistance
 h - a potion of degeneration {unknown}
 k - a potion of cure mutation {unknown}
 l - 2 potions of curing {unknown}
Comestibles
 f - a bread ration
 j - 2 meat rations


   Skills:
 + Level 3.5 Fighting
 + Level 5.0 Crossbows
 + Level 3.1 Armour
 + Level 3.2 Dodging
 - Level 0.7 Stealth


You had 3 spell levels left.
You didn't know any spells.

Dungeon Overview and Level Annotations

Branches:
Dungeon (3/15)

Altars:
Gozag


Innate Abilities, Weirdness & Mutations

You reflexively headbutt those who attack you in melee.
You have a pair of horns on your head.


Message History

You headbutt the frilled lizard!
You kill the frilled lizard!
You see here a rat corpse.
You are feeling hungry.
The orc closely misses you.
The gnoll hits you from afar with a spear.
* * * LOW HITPOINT WARNING * * *
You see here 11 gold pieces.
You hear the slow rusting of a very distant drain.
You hit the orc.
The orc is heavily wounded.
The orc closely misses you.
A hobgoblin comes into view. It is wielding a club.
The hobgoblin shouts!
The hobgoblin hits you with a club.
* * * LOW HITPOINT WARNING * * *
The orc closely misses you.
Your scale mail prevents you from hitting the hobgoblin.
The gnoll hits you from afar with a spear.
You die...

#..........##.g....#
#.###.#.##.##.####.#
##.###.#.##.##.####g#
.......#..g......##.#
##.##..#..#.##.#.##.#
##.##..#..#.##.#.##.#
.....ggg....##...g..#
##.##.#.#?######o####
##.##.....# #@#
##.####.### #.g.#
##......## #.###
##.#....%# #.
...#.....# #
####.....# # #..g..#
# #.....# ######.###


You could see a gnoll, an orc and a hobgoblin.

Vanquished Creatures
  Ijyb (D:2)
  A gnoll (D:1)
  3 adders (D:2)
  A worm (D:2)
  A dart slug (D:3)
  A leopard gecko (D:2)
  2 giant cockroaches
  3 hobgoblins
  14 jackals
  7 kobolds
  A quokka (D:2)
  2 ball pythons (D:2)
  4 bats
  10 frilled lizards
  5 goblins
  5 rats
61 creatures vanquished.

Notes
Turn   | Place    | Note
-------+----------+-------------------------------------------
     0 | D:1      | Krapule the Minotaur Hunter began the quest for the Orb.
     0 | D:1      | Reached XP level 1. HP: 18/18 MP: 0/0
    65 | D:1      | Reached skill level 1 in Armour
    73 | D:1      | Reached XP level 2. HP: 24/25 MP: 1/1
   537 | D:1      | Reached XP level 3. HP: 30/30 MP: 2/2
   925 | D:2      | Found an opulent altar of Gozag.
  1277 | D:2      | Noticed Ijyb
  1290 | D:2      | Killed Ijyb
  1290 | D:2      | Reached XP level 4. HP: 38/38 MP: 3/3
  1684 | D:2      | Reached skill level 5 in Crossbows
  1987 | D:3      | Slain by a gnoll

Skill      XL: |  1  2  3  4 |
---------------+-------------+-----
Armour         | 1 2 3 |  3.1
Fighting       | 3 |  3.5
Dodging        | 3 |  3.2
Crossbows      | 5 |  5.0
Stealth        | |  0.7

Action                   |  1- 3 |  4- 6 || total
-------------------------+-------+-------++-------
Melee: Short sword       |   114 |    44 ||   158
       Headbutt          |    17 |     6 ||    23
       Mace              |       |    16 ||    16
 Fire: Hand crossbow     |     2 |       ||     2
  Use: Scroll            |       |     4 ||     4
  Eat: Chunk             |     1 |     2 ||     3
Armor: Leather armour    |    43 |    12 ||    55
       Scale mail        |       |    13 ||    13
Dodge: Dodged            |    89 |    45 ||   134
